 Dungeon Crawl Stone Soup version 0.21-a0-260-g9b2435e (console) character file.

11 Akra the Sneak (level 2, -3/13 HPs)
             Began as a Spriggan Enchanter on Sept 7, 2017.
             Slain by a hobgoblin (5 damage)
             ... on level 1 of the Dungeon.
             The game lasted 00:02:43 (349 turns).

Akra the Sneak (Spriggan Enchanter)                  Turns: 349, Time: 00:02:44

Health: -3/13      AC:  2    Str:  4    XL:     2   Next: 17%
Magic:  4/6        EV: 18    Int: 16    God:
Gold:   33         SH:  0    Dex: 16    Spells: 5/6 levels left

rFire    . . .     SeeInvis +   e - +0 dagger (curse)
rCold    . . .     Gourm    .   (shield restricted)
rNeg     . . .     Faith    .   b - +0 robe
rPois    .         Spirit   .   (helmet restricted)
rElec    .         Reflect  .   (no cloak)
rCorr    .         Harm     .   (gloves unavailable)
MR       .....                  (boots unavailable)
Stlth    +++.......             (no amulet)
HPRegen  0.04/turn              (no ring)
MPRegen  0.10/turn              (no ring)

@: very slightly contaminated, very quick
A: unfitting armour, see invisible, herbivore 3, speed 3, slow metabolism 2
a: no special abilities


You were on level 1 of the Dungeon.
You were not hungry.

You visited 1 branch of the dungeon, and saw 1 of its levels.

You collected 33 gold pieces.

Inventory:

Hand Weapons
 a - a +1 dagger
 e - a cursed +0 dagger (weapon)
Armour
 b - a +0 robe (worn)
Books
 c - a book of Maledictions

   Spells                             Type                      Level
   a - Corona                         Hexes                        1
   b - Ensorcelled Hibernation        Hexes/Ice                    2
   c - Confuse                        Hexes                        3
   d - Tukima's Dance                 Hexes                        3
   e - Dazzling Spray                 Conjuration/Hexes            3
Comestibles
 d - a bread ration


   Skills:
 + Level 1.8 Short Blades
 - Level 3.0 Dodging
 + Level 5.1 Stealth
 - Level 2.6 Spellcasting
 - Level 3.6 Hexes


You had 5 spell levels left.
You knew the following spells:

 Your Spells              Type           Power        Failure   Level  Hunger
a - Corona                Hex            ##.....      4%          1    #......


Dungeon Overview and Level Annotations

Branches:
Dungeon (1/15)

Altars:


Innate Abilities, Weirdness & Mutations

You are very small and have problems with some larger weapons.
You are too small for most types of armour.
You have supernaturally acute eyesight. (SInv)
You are a herbivore.
You cover ground extremely quickly.
You need consume almost no food.


Message History

You hit the hobgoblin but do no damage. The hobgoblin closely misses you.
Casting: Corona
Confirm with . or Enter, or press ? or * to list all spells.
Aiming: Corona
Press: ? - help, Shift-Dir - straight line, f - hobgoblin
Aim: a hobgoblin (chance to defeat MR: 67%)
The hobgoblin is outlined in light.
The hobgoblin barely misses you.
You hit the hobgoblin.
The hobgoblin is heavily wounded.
The hobgoblin completely misses you.
You hit the hobgoblin.
The hobgoblin is severely wounded.
The hobgoblin closely misses you.
You hit the hobgoblin but do no damage.
The hobgoblin is severely wounded.
The hobgoblin closely misses you.
You hit the hobgoblin.
The hobgoblin is almost dead.
The hobgoblin hits you.
You die...

.#.# ### ...# ######.# ...#
#......###### #
>..############............
.## .....................#...
##..
..#########.....##'#.#.#.##)..
...#### #.....##.#.#.#[...#
........ #.....##.#...##.g.##
......... #.....##......#...!#
..........####.########..†##.#
..........# #...@gg.[...### ..
#.........#
#..#######...........
#.........# #. #.......#.##
..........# # #.....#.#
..........# #.....# #
..........# #.....#
..........# #.......
..........# ##..#...
....####### #'### #.######


You could see a hobgoblin and a goblin.

Vanquished Creatures
  A ball python (D:1)
  2 bats (D:1)
  2 giant cockroaches (D:1)
  A hobgoblin (D:1)
  A kobold (D:1)
  A frilled lizard (D:1)
  2 rats (D:1)
10 creatures vanquished.

Notes
Turn   | Place    | Note
-------+----------+-------------------------------------------
     0 | D:1      | Akra the Spriggan Enchanter began the quest for the Orb.
     0 | D:1      | Reached XP level 1. HP: 9/9 MP: 5/5
   335 | D:1      | Reached XP level 2. HP: 6/13 MP: 6/6
   339 | D:1      | Reached skill level 5 in Stealth
   349 | D:1      | Slain by a hobgoblin

Vault maps used:
D:1:      scummos_arrival_simple_crosswalls, serial_park_tiny_1,
          minmay_tree_intersection, minmay_pentomino_s4

Skill      XL: |  1  2 |
---------------+-------+-----
Stealth        | 5 |  5.1
Short Blades   | |  1.8
Dodging        | |  3.0
Spellcasting   | |  2.6
Hexes          | |  3.6

Action                   || total
-------------------------++-------
Melee: Dagger            ||    77
 Cast: Corona            ||     1
  Use: Scroll            ||     2
 Stab: Sleeping          ||     2
Armor: Robe              ||    11
Dodge: Dodged            ||    87

Table legend:
 A = Spawn XP
 B = Non-spawn XP
 C = Spawn XP percentage of total XP
 D = Spawn monster count
 E = Non-spawn monster count
 F = Spawn count percentage of total count
 G = Total turns spent on level
                    A         B        C        D         E        F      G
               +---------+---------+-------+---------+---------+-------+---------
         Total |       0 |      17 |   0.0 |       0 |      10 |   0.0 |   349
               +---------+---------+-------+---------+---------+-------+---------
           D:1 |       0 |      17 |   0.0 |       0 |      10 |   0.0 |   349
               +---------+---------+-------+---------+---------+-------+---------
